 Dungeon Crawl Stone Soup version 0.30.0-29-ga12c61a403 (webtiles) character file.

Game seed: 6058035630707821491

5122 belegose the Fighter (level 10, -16/102 (106) HPs)
             Began as a Troll Warper on June 12, 2023.
             Killed from afar by Erica (19 damage)
             ... with a bolt of poison
             ... on level 7 of the Dungeon.
             The game lasted 00:29:52 (8204 turns).

belegose the Fighter (Troll Warper)                 Turns: 8204, Time: 00:29:54

HP:   -16/102 (106) AC:  5    Str: 25    XL:     10   Next: 32%
MP:   12/12         EV: 10    Int:  9    God:
Gold: 373           SH:  0    Dex:  9    Spells: 11/11 levels left

rFire   . . .        b - +2 quarterstaff (chaos)
rCold   . . .        (shield currently unavailable)
rNeg    + . .        B - +0 robe
rPois   .            (helmet restricted)
rElec   .            t - +0 cloak
rCorr   .            (gloves unavailable)
SInv    .            (boots unavailable)
Will    ++...        (no amulet)
Stlth   +            f - ring of willpower
HPRegen 1.17/turn    z - ring of positive energy
MPRegen 0.13/turn

%: no passive effects
@: lethally poisoned (-16 -> -25), lightly drained
A: large, unfitting armour, claws 3, regeneration 1, shaggy fur 1, tough skin 1,
hooves 1, high MP 1, strong-willed 1
a: no special abilities


You were on level 7 of the Dungeon.
You visited 2 branches of the dungeon, and saw 9 of its levels.

You collected 373 gold pieces.

Inventory:

Hand Weapons
 a - a +2 mace of draining
 b - a +2 quarterstaff of chaos (weapon)
Missiles
 d - 7 boomerangs of dispersal
 h - 18 poisoned darts (quivered)
 i - 45 stones
 y - 4 javelins
 I - a boomerang
Armour
 t - a +0 cloak (worn)
 B - a +0 robe (worn)
Magical Staves
 u - a staff of air
 J - a staff of cold
Jewellery
 f - a ring of willpower (left claw)
 z - a ring of positive energy (right claw)
 H - a ring of magical power
Wands
 q - a wand of roots (5)
 A - a wand of flame (25)
 D - a wand of light (15)
Scrolls
 c - a scroll of blinking
 g - 2 scrolls of immolation {unknown}
 j - 3 scrolls of brand weapon
 k - 2 scrolls of summoning {unknown}
 l - a scroll of identify
 m - a scroll of fog
 p - a scroll of magic mapping {unknown}
 r - 9 scrolls of teleportation
 v - a scroll of fear {unknown}
 w - a scroll of torment {unknown}
 E - 3 scrolls of enchant armour {unknown}
 G - a scroll of enchant weapon {unknown}
Potions
 e - a potion of brilliance
 n - a potion of mutation
 o - 2 potions of flight
 s - a potion of heal wounds
 x - 2 potions of invisibility
 C - a potion of magic
 F - a potion of ambrosia {unknown}
 K - a potion of attraction {unknown}


   Skills:
 + Level 8.8 Fighting
 - Level 4.7(5.0) Maces & Flails
 - Level 1.8(3.3) Staves
 - Level 6.0 Throwing
 - Level 3.0 Armour
 - Level 3.0 Dodging
 - Level 1.2 Spellcasting
 - Level 2.1 Translocations
 + Level 2.3 Invocations
 + Level 3.7 Evocations


You had 11 spell levels left.
You didn't know any spells.
Your spell library contained the following spells:

 Spells                   Type           Power      Damage    Failure   Level
 Blink                    Tloc           8%         N/A       22%         2
 Lesser Beckoning         Tloc           8%         N/A       22%         2
 Summon Small Mammal      Summ           0%         N/A       36%         1
 Gell's Gravitas          Tloc           4%         N/A       41%         3
 Teleport Other           Tloc           4%         N/A       41%         3
 Cigotuvi's Dreadful Rot  Necr/Pois/Air  0%         N/A       50%         2
 Sublimation of Blood     Necr           0%         N/A       50%         2
 Wereblood                Tmut           0%         N/A       50%         2
 Vhi's Electric Charge    Tloc/Air       4%         N/A       56%         3
 Call Canine Familiar     Summ           0%         N/A       73%         3
 Ozocubu's Armour         Ice            0%         N/A       73%         3
 Summon Guardian Golem    Hex/Summ       0%         N/A       73%         3
 Manifold Assault         Tloc           4%         N/A       82%         4
 Dispel Undead            Necr           0%         3d6       98%         4
 Death Channel            Necr           0%         N/A       100%        6
 Dispersal                Tloc           2%         N/A       100%        6
 Ozocubu's Refrigeration  Ice            0%         4d7       100%        7
 Summon Hydra             Summ           0%         N/A       100%        7


Dungeon Overview and Level Annotations

Branches:
Dungeon (8/15)             Temple (1/1) D:7
   Lair: D:8-11

Altars:
Ashenzari
Cheibriados
Dithmenos
Elyvilon
Fedhas
Gozag
Hepliaklqana
Kikubaaqudgha
Nemelex Xobeh
Qazlal
Sif Muna
Uskayaw
Vehumet
Xom
Yredelemnul
Zin
The Shining One

Shops:
D:3 *

Annotations:
D:6 Pikel
D:7 2 runed translucent doors, exclusion: 2 doors, Erica; howech's ghost, novice MiBe


Innate Abilities, Weirdness & Mutations

You are too large for most types of armour.
You have claws for hands.
Your natural rate of healing is unusually fast.
You are covered in fur. (AC +1)
You have tough skin. (AC +1)
You have large cloven feet.
You have an increased reservoir of magic. (+10% MP)
You are strong-willed. (Will+)


Message History

The bolt of poison misses the wight.
The bolt of poison hits you!!
You are poisoned.
* * * LOW HITPOINT WARNING * * *
You feel very sick.
There is an open door here.
The wight attacks as you move away! The wight closely misses you.
You feel very sick.
You feel sick.
You feel sick.
Erica gestures wildly while chanting.
Erica flickers and vanishes!
Deactivating autopickup; reactivate with Ctrl-A.
You feel sick.
Aiming: Fastroot
Press: ? - help, Shift-Dir - straight line The roots erupt in riotous growth!
Roots grab the wight. x2
The grasping roots constrict the wight.
The grasping roots constrict the wight!
You feel sick. The wight hits you with a +0 flail.
* * * LOW HITPOINT WARNING * * *
The wight struggles to escape constriction.
The grasping roots constrict the wight.
The grasping roots constrict the wight!
You destroy the wight!
You feel sick.
The wight struggles to escape constriction.
Training target 3.0 for Dodging reached!
Your Dodging skill increases to level 3!
The grasping roots constrict the wight!
You destroy the wight!
You feel sick.
You hear some strange, mumbled words.
A bolt of poison appears from out of thin air!
The bolt of poison misses you.
As you read the scroll of fog, it crumbles to dust.
The scroll dissolves into smoke.
You feel sick.
You hear some strange, mumbled words.
A bolt of poison appears from out of thin air!
The bolt of poison hits you!!
You are lethally poisoned!
You die...

#.# ####.#### ##.## #.# #.......#
#.# #####.##### #.##.##.# #.#
#.........# #.##.##.# ##'##
#.###.###.# #.##.##.# ##...##
#.###.###.# #....##.# ##.....##
#.........# #.##.##.###.......##
#.....###.####§§§§.#.##...[.....#
..[............§@§.)){z..>.......
#......[..####.§§§...##...†......
##....###.# ##§#.######.......#.
#....###.# #.### ##.....##.
#........# #.# ##...###.
###.###### #.# ##'## ## #.#
####.##### #.# ## #.# #........#
#.# .# #.# #.##.###.# ##.#####


You could see a wight.

Vanquished Creatures
  A two-headed ogre (D:5)
  Psyche (D:8)
  A troll (D:7)
  2 hornets
  5 yaks (D:7)
  6 humans (D:6)
  A steam dragon (D:7)
  Menkaure (D:7)
  An orc warrior (D:6)
  4 ogres
  4 lemures
  A kobold brigand (D:6)
  3 bullfrogs
  A scorpion (D:4)
  3 wights (D:7)
  A howler monkey (D:6)
  3 hounds
  5 orc priests
  3 jellies
  Crazy Yiuf (D:4)
  A gnoll bouda (D:7)
  4 iguanas
  2 sleepcaps
  Natasha (D:2)
  6 orc wizards
  4 gnolls
  10 adders
  2 white imps
  An ufetubus (D:6)
  3 dart slugs
  25 orcs
  6 bats
  10 endoplasms
  2 giant cockroaches (D:3)
  7 goblins
  8 hobgoblins
  4 jackals
  18 kobolds
  8 quokkas
  3 ball pythons (D:1)
  4 frilled lizards
  11 rats
188 creatures vanquished.

Notes
Turn   | Place    | Note
-------+----------+-------------------------------------------
     0 | D:1      | belegose the Troll Warper began the quest for the Orb.
     0 | D:1      | Reached XP level 1. HP: 19/19 MP: 1/1
    16 | D:1      | Reached skill level 1 in Throwing
    63 | D:1      | Reached XP level 2. HP: 25/28 MP: 2/2
    67 | D:1      | Reached skill level 2 in Fighting
   399 | D:1      | Reached XP level 3. HP: 35/35 MP: 3/3
  1354 | D:2      | Reached XP level 4. HP: 44/44 MP: 4/4
  2232 | D:3      | Noticed Natasha
  2373 | D:2      | Gained mutation: You are strong-willed. (Will+) [potion of
                  | mutation]
  2373 | D:2      | Gained mutation: You have hidden genetic potential. [potion
                  | of mutation]
  2377 | D:2      | Killed Natasha
  2757 | D:3      | Found Kemu's General Store.
  3058 | D:4      | Reached XP level 5. HP: 42/52 MP: 5/5
  3228 | D:4      | Reached skill level 3 in Fighting
  3240 | D:4      | Gained mutation: You have an increased reservoir of magic.
                  | (+10% MP) [hidden potential]
  3450 | D:4      | Found an ancient bone altar of Kikubaaqudgha.
  3465 | D:4      | Found an opulent altar of Gozag.
  3682 | D:4      | Reached skill level 1 in Evocations
  3682 | D:4      | Reached XP level 6. HP: 60/61 MP: 7/7
  3746 | D:4      | Gained mutation: You have large cloven feet. [hidden
                  | potential]
  3746 | D:4      | Lost mutation: You have hidden genetic potential. [hidden
                  | potential expressed]
  4038 | D:4      | Found a glowing silver altar of Zin.
  4170 | D:4      | Found a runed translucent door.
  4171 | D:4      | Noticed Crazy Yiuf
  4185 | D:4      | Killed Crazy Yiuf
  4320 | D:5      | Entered Level 5 of the Dungeon
  4606 | D:5      | Reached XP level 7. HP: 68/68 MP: 8/8
  4664 | D:5      | Found a glowing golden altar of the Shining One.
  4746 | D:5      | Reached skill level 4 in Fighting
  4829 | D:5      | Noticed a two-headed ogre
  4835 | D:5      | Killed a two-headed ogre
  4836 | D:5      | Reached skill level 6 in Fighting
  4836 | D:5      | Reached XP level 8. HP: 83/83 MP: 9/9
  4985 | D:6      | Noticed a hornet
  4989 | D:6      | Paralysed by a hornet for 3 turns
  4993 | D:6      | Killed a hornet
  4994 | D:6      | Reached skill level 1 in Staves
  4994 | D:6      | Reached skill level 1 in Armour
  5040 | D:6      | Found a radiant altar of Vehumet.
  5228 | D:6      | Reached XP level 9. HP: 55/92 MP: 10/10
  5235 | D:6      | Reached skill level 5 in Throwing
  5407 | D:6      | Noticed Pikel
  5574 | D:6      | Reached skill level 7 in Fighting
  6192 | D:7      | Found a large runed translucent door.
  6192 | D:7      | Found a large runed translucent door.
  6194 | D:7      | Noticed howech's ghost (novice MiBe)
  6538 | D:7      | Noticed Menkaure
  6540 | D:7      | Killed Menkaure
  6798 | D:7      | Found a staircase to the Ecumenical Temple.
  6819 | Temple   | Entered the Ecumenical Temple
  7202 | D:6      | Reached skill level 8 in Fighting
  7695 | D:8      | Noticed Psyche
  7705 | D:8      | Noticed Erica
  7706 | D:8      | Killed Psyche
  7707 | D:8      | Reached XP level 10. HP: 77/106 MP: 12/12
  7760 | D:7      | Reached skill level 1 in Invocations
  8201 | D:7      | HP: 3/100 [wight/+0 flail (5)]
  8204 | D:7      | Killed from afar by Erica

Illustrated notes

Levels and vault maps discovered:
D:1:      erik_arrival_cave_to_civilisation [erik_arrival_cave_to_hall],
          layout_basic, minivault_24, minmay_misc_feat_room, st_stairs_5
D:2:      layout_loops_ring
D:3:      wad_crossroads, layout_loops_ring, serial_shops, shop,
          serial_bayou_ford_a, uniq_natasha
D:4:      layout_loops_corners, mainiacjoe_overflow_catwalk_spiral,
          zin_treasury, minmay_fractal_squares_diagonal_5,
          uniq_crazy_yiuf_cottage
D:5:      cheibrodos_quashed, layout_rooms, nicolae_tso_carved_into_rock,
          nrook_uturn
D:6:      layout_loops_cross, nicolae_overflow_hidden_temple, minmay_ruffians,
          uniq_pikel
D:7:      layout_loops_corners, minmay_temple_entry_hall,
          ebering_ghost_disaster_area, uniq_menkaure
D:8:      layout_rooms, demons_altar, serial_shops, nicolae_shop_crystal,
          minmay_misc_feat_tower, uniq_psyche, uniq_erica
Temple:   nicolae_temple_slightly_damp_pantheon

Skill      XL: |  1  2  3  4  5  6  7  8  9 10 |
---------------+-------------------------------+-----
Throwing       | 1 2 3 4 6 |  6.0
Fighting       | 2 3 6 8 |  8.8
Maces & Flails | 2 3 4 |  4.7
Evocations     | 1 3 |  3.7
Staves         | 1 |  1.8
Armour         | 2 3 |  3.0
Dodging        | 2 3 |  3.0
Invocations    | 2 |  2.3
Spellcasting   | |  1.2
Translocations | |  2.1

Action                     |  1- 3 |  4- 6 |  7- 9 | 10-12 || total
---------------------------+-------+-------+-------+-------++-------
  Melee: Mace              |   131 |   225 |    81 |    62 ||   499
         Punch             |       |     1 |     1 |     1 ||     3
         Quarterstaff      |       |    26 |   155 |       ||   181
         Kick              |       |     8 |    60 |    18 ||    86
  Throw: Stone             |     6 |    26 |    20 |       ||    52
         Javelin           |       |       |     3 |       ||     3
         Dart              |       |       |     9 |       ||     9
         Boomerang         |       |       |     4 |       ||     4
  Evoke: Wand              |       |     5 |    10 |     4 ||    19
    Use: Potion            |       |     3 |     1 |     1 ||     5
         Scroll            |       |       |    11 |     1 ||    12
   Stab: Sleeping          |     1 |       |       |       ||     1
 Armour: Robe              |    71 |   130 |    53 |    17 ||   271
  Dodge: Dodged            |    71 |   150 |   102 |    64 ||   387
